 Dungeon Crawl Stone Soup version 0.20.1-1-g8b1a95d (webtiles) character file.

138 ventureblob42 the Twirler (level 5, -10/41 HPs)
             Began as a Demonspawn Gladiator on May 30, 2018.
             Mangled by dogfood's ghost (23 damage)
             ... on level 4 of the Dungeon.
             The game lasted 00:19:57 (3183 turns).

ventureblob42 the Twirler (Demonspawn Gladiator)    Turns: 3183, Time: 00:19:58

Health: -10/41     AC: 14    Str: 15    XL:     5   Next: 1%
Magic:  5/5        EV:  5    Int:  9    God:
Gold:   57         SH:  0    Dex: 15    Spells: 4/4 levels left

rFire    . . .     SeeInvis .   l - +1 flail
rCold    . . .     Gourm    .   (no shield)
rNeg     . . .     Faith    .   j - +0 plate armour
rPois    .         Spirit   .   c - +0 helmet
rElec    .         Reflect  .   (no cloak)
rCorr    .         Harm     .   r - +0 pair of gloves
MR       .....     Rnd*Tele +   (no boots)
Stlth    ..........             (no amulet)
Regen    0.2/turn               q - ring of teleportation
MPRegen  0.1/turn               (no ring)

@: no status effects
A: slimy green scales 1, powered by pain 1
a: no special abilities


You were on level 4 of the Dungeon.
You were hungry.

You visited 1 branch of the dungeon, and saw 4 of its levels.

You collected 57 gold pieces.

Inventory:

Hand Weapons
 a - a +0 quarterstaff
 h - a cursed -1 blowgun
 l - a +1 flail (weapon)
 p - a +0 mace
 s - a +0 trident
 u - a +0 falchion
 x - a +0 blowgun
Missiles
 k - 12 arrows
 m - 21 poisoned needles
Armour
 b - a +0 leather armour
 c - a +0 helmet (worn)
 g - a +0 chain mail
 j - a +0 plate armour (worn)
 r - a +0 pair of gloves (worn)
 t - a +0 hat
Jewellery
 q - a ring of teleportation (left hand)
Scrolls
 e - 4 scrolls of identify
 w - a scroll of immolation {unknown}
Potions
 i - 3 potions of heal wounds
 v - a potion of flight {unknown}
Comestibles
 f - 5 bread rations
 n - a meat ration


   Skills:
 + Level 3.0 Fighting
 + Level 1.1(2.5) Maces & Flails
 + Level 3.4(3.6) Staves
 + Level 1.7 Throwing
 + Level 1.6 Armour
 + Level 3.3 Dodging


You had 4 spell levels left.
You didn't know any spells.

Dungeon Overview and Level Annotations

Branches:
Dungeon (4/15)
 Temple: D:4-7

Altars:
Cheibriados

Annotations:
D:4 dogfood's ghost, amateur TrBe


Innate Abilities, Weirdness & Mutations

You are partially covered in slimy green scales. (AC +2)
You sometimes gain a little power by taking damage.


Message History

Press: ? - help, Shift-Dir - straight line, f/p - dogfood's ghost
Aim: dogfood's ghost (immune to nets)
You throw a throwing net.
The throwing net completely misses dogfood's ghost.
Throwing (i - inventory):
d - a throwing net (quivered)
Press: ? - help, Shift-Dir - straight line, f/p - dogfood's ghost
Aim: dogfood's ghost (immune to nets)
You throw a throwing net.
The throwing net closely misses dogfood's ghost.
Dogfood's ghost hits you.
You hit dogfood's ghost but do no damage.
Dogfood's ghost hits you but does no damage.
You thump dogfood's ghost!
Dogfood's ghost is lightly damaged.
Dogfood's ghost hits you! x2
You closely miss dogfood's ghost.
Dogfood's ghost is lightly damaged.
Dogfood's ghost hits you!!
Ouch! That really hurt!
You die...

#########
.......<#
#######.# #.#
#.# #.# #.#
#@# #W# #.#
#....)...#
#.#)......[..
#.#.#..#.##
#......# #
#.#(...# .
.(. ..


You could see dogfood's ghost.

Vanquished Creatures
  3 gnolls
  3 adders
  2 worms (D:2)
  3 leopard geckos (D:3)
  2 orcs
  A ball python (D:2)
  4 giant cockroaches
  6 goblins
  8 hobgoblins
  5 jackals (D:3)
  3 quokkas
  9 bats
  3 frilled lizards
  11 kobolds
  8 rats
71 creatures vanquished.

Notes
Turn   | Place    | Note
-------+----------+-------------------------------------------
     0 | D:1      | ventureblob42 the Demonspawn Gladiator began the quest for the Orb.
     0 | D:1      | Reached XP level 1. HP: 16/16 MP: 1/1
   265 | D:1      | Gained mutation: You sometimes gain a little power by taking damage. [demonic ancestry]
   265 | D:1      | Reached XP level 2. HP: 22/22 MP: 2/2
   937 | D:2      | Gained mutation: You are partially covered in slimy green scales. (AC +2) [demonic ancestry]
   937 | D:2      | Reached XP level 3. HP: 20/27 MP: 3/3
  1380 | D:2      | Reached skill level 1 in Armour
  1684 | D:2      | Reached XP level 4. HP: 32/34 MP: 4/4
  2186 | D:3      | Found a snail-covered altar of Cheibriados.
  2533 | D:3      | Reached skill level 1 in Maces & Flails
  3173 | D:4      | Noticed dogfood's ghost (amateur TrBe)
  3175 | D:4      | Reached XP level 5. HP: 41/41 MP: 5/5
  3183 | D:4      | Mangled by dogfood's ghost

Skill      XL: |  1  2  3  4 |
---------------+-------------+-----
Dodging        | 3 |  3.3
Staves         | 3 |  3.4
Armour         | 1 |  1.6
Maces & Flails | 1 |  1.1
Fighting       | 3 |  3.0
Throwing       | |  1.7

Action                   |  1- 3 |  4- 6 || total
-------------------------+-------+-------++-------
Melee: Quarterstaff      |   161 |     4 ||   165
       Flail             |       |   114 ||   114
Throw: Throwing net      |       |     3 ||     3
  Use: Scroll            |       |     5 ||     5
       Potion            |       |     2 ||     2
  Eat: Meat ration       |     1 |       ||     1
       Royal jelly       |       |     1 ||     1
Armor: Chain mail        |    19 |       ||    19
       Plate armour      |   188 |   189 ||   377
       Leather armour    |     2 |       ||     2
Dodge: Dodged            |    70 |    61 ||   131
